 Dungeon Crawl Stone Soup version 0.23.2-30-g0e89c35649 (webtiles) character file.

Game seed: 10335772285384939118

1068 Brecoman the Sneak (level 8, -6/46 HPs)
             Began as an Octopode Venom Mage on June 15, 2019.
             Was a Follower of Ru.
             Mangled by an ice beast (14 damage)
             ... on level 6 of the Dungeon.
             The game lasted 00:20:02 (6746 turns).

Brecoman the Sneak (Octopode Venom Mage)            Turns: 6746, Time: 00:20:03

Health: -6/46      AC:  1    Str:  8    XL:     8   Next: 28%
Magic:  14/14      EV: 13    Int: 19    God:    Ru [*.....]
Gold:   376        SH:  0    Dex: 12    Spells: 9/15 levels left

rFire    . . .     SeeInvis .   x - +0 whip (elec)
rCold    . . .     Gourm    .   (no shield)
rNeg     . . .     Faith    .   (helmet restricted)
rPois    .         Spirit   .   (no amulet)
rElec    .         Reflect  .   (no ring)
rCorr    .         Harm     .   (no ring)
MR       .....                  (no ring)
Stlth    ++++......             (no ring)
HPRegen  0.15/turn              (no ring)
MPRegen  0.14/turn              (no ring)
                                (no ring)
                                (no ring)

@: no potions
A: almost no armour, stealthy swim, amphibious, 8 rings, constrict 8, camouflage
1, gelatinous body 1, inability to drink while threatened
a: Renounce Religion


You were on level 6 of the Dungeon.
You worshipped Ru.
Ru was aware of your devotion.
You were not hungry.

You visited 2 branches of the dungeon, and saw 8 of its levels.

You collected 376 gold pieces.

Inventory:

Hand Weapons
 c - a +0 dagger of draining
 x - a +0 whip of electrocution (weapon)
Missiles
 d - 162 stones
 n - 5 javelins (quivered)
Jewellery
 i - a cursed amulet of inaccuracy {unknown}
 m - a +1 ring of evasion {unknown}
 u - a +6 ring of intelligence {unknown}
 w - an uncursed ring of protection from magic
 y - a cursed -2 ring of evasion {unknown}
Wands
 B - a wand of enslavement (12)
Scrolls
 e - a scroll of immolation {unknown}
 g - 2 scrolls of blinking {unknown}
 h - 8 scrolls of identify {unknown}
 j - 3 scrolls of remove curse {unknown}
 o - a scroll of noise {unknown}
 r - a scroll of amnesia {unknown}
 s - 2 scrolls of enchant armour {unknown}
 t - a scroll of fear {unknown}
 C - 3 scrolls of magic mapping {unknown}
Potions
 a - a potion of mutation {unknown}
 f - 2 potions of brilliance {unknown}
 k - a potion of haste {unknown}
 l - 2 potions of curing {unknown}
 p - a potion of heal wounds {unknown}
 q - a potion of berserk rage {unknown}
 v - 2 potions of degeneration {unknown}
 z - a potion of lignification {unknown}
 A - 2 potions of agility {unknown}
 D - a potion of might {unknown}
Comestibles
 b - 6 rations


   Skills:
 - Level 2.0 Dodging
 + Level 6.6 Stealth
 + Level 4.3 Spellcasting
 + Level 4.1 Conjurations
 + Level 3.9 Air Magic
 + Level 6.2 Poison Magic


You had 9 spell levels left.
You knew the following spells:

 Your Spells              Type           Power        Failure   Level  Hunger
a - Sting                 Conj/Pois      ###.         1%          1    None
b - Poisonous Vapours     Pois/Air       ###...       2%          2    #......
c - Mephitic Cloud        Conj/Pois/Air  ###.....     5%          3    ###....

Your spell library contained the following spells:

 Spells                   Type           Power        Failure   Level  Hunger
 Olgreb's Toxic Radiance  Pois           ####....     11%         4    ####...
 Venom Bolt               Conj/Pois      ###.......   41%         5    ######.


Dungeon Overview and Level Annotations

Branches:
Dungeon (7/15)             Temple (1/1) D:4

Altars:
Ashenzari
Cheibriados
Dithmenos
Elyvilon
Fedhas
Hepliaklqana
Makhleb
Nemelex Xobeh
Okawaru
Ru
Uskayaw
Vehumet
Wu Jian
Yredelemnul
Zin

Annotations:
D:6 Menkaure


Innate Abilities, Weirdness & Mutations

You cannot wear most types of armour.
You are very stealthy in the water. (Stealth+)
You are amphibious.
You can wear up to eight rings at the same time.
You can use your tentacles to constrict eight enemies at once.
Your skin changes colour to match your surroundings (Stealth+).
Your rubbery body absorbs attacks. (AC +1, EV +1)
You cannot drink potions while threatened.


Message History

There is an open door here.
There is a stone staircase leading down here.
You climb downwards.
There is a stone staircase leading up here.
An ice beast comes into view.
You barely miss the ice beast. The ice beast hits you.
The ice beast freezes you!
You barely miss the ice beast. The ice beast hits you.
You feel threatened and lose the ability to drink potions!
The ice beast freezes you!
There is a stone staircase leading up here.
The ice beast hits you. The ice beast freezes you.
* * * LOW HITPOINT WARNING * * *
You climb upwards.
Level annotation: Menkaure
There is a stone staircase leading down here.
The ice beast hits you.
* * * LOW HITPOINT WARNING * * *
The ice beast freezes you!
You die...

...# #.# #......####### #......#
######.# #####.## ##...####
#....# #.### ##.....## ##.####
#.#.## ##.......##
##...##########....####.........#
.....[................'.........'
##...##########....####.........#
##.### #......## ##.......##
#...# #....@## ##....>.# ###.#
#...Y.# ##..##'## #.# #...>.#
##'#≈≈≈# #.# #.....# #.'≈≈≈'
#####.# #####.#### #.#≈≈≈#
......# #........# ##.##'##
####### #.###.##.# ##)..#.#. #.#
#.##.### #........ #.# #......#
##...#...


You could see an ice beast.

Vanquished Creatures
  3 ogres (D:4)
  A centaur (D:6)
  A bullfrog (D:6)
  A scorpion (D:4)
  2 howler monkeys (D:4)
  A crimson imp (D:6)
  2 hounds
  A bullfrog skeleton (D:5)
  An orc priest (D:4)
  A bullfrog zombie (D:5)
  An iguana (D:5)
  5 worker ants
  A hound skeleton (D:2)
  8 adders
  2 shadow imps
  An ooze (D:2)
  2 adder skeletons
  3 worms
  3 dart slugs
  4 leopard geckos
  8 orcs
  7 bats
  2 giant cockroaches
  6 goblins
  11 hobgoblins
  3 jackals
  3 quokkas
  2 ball pythons (D:2)
  6 frilled lizards
  A jackal skeleton (D:4)
  5 kobolds
  6 rats
104 creatures vanquished.

Vanquished Creatures (others)
  5 toadstools (D:7)
5 creatures vanquished.

Grand Total: 109 creatures vanquished

Notes
Turn   | Place    | Note
-------+----------+-------------------------------------------
     0 | D:1      | Brecoman the Octopode Venom Mage began the quest for the
                  | Orb.
     0 | D:1      | Reached XP level 1. HP: 11/11 MP: 3/3
   576 | D:1      | Reached XP level 2. HP: 17/17 MP: 3/5
   580 | D:1      | Learned a level 2 spell: Poisonous Vapours
  1156 | D:2      | Reached XP level 3. HP: 12/21 MP: 0/6
  1374 | D:2      | Reached skill level 1 in Air Magic
  1535 | D:2      | Reached XP level 4. HP: 27/27 MP: 4/7
  2230 | D:3      | Found a burning altar of Makhleb.
  2597 | D:3      | Reached XP level 5. HP: 28/31 MP: 7/9
  2986 | D:4      | Noticed an ogre
  2993 | D:4      | Noticed an ogre
  3092 | D:4      | Killed an ogre
  3164 | D:4      | Reached XP level 6. HP: 33/36 MP: 7/10
  3221 | D:4      | Reached skill level 5 in Poison Magic
  3347 | D:4      | Reached skill level 5 in Stealth
  3710 | D:4      | Reached XP level 7. HP: 41/41 MP: 7/12
  4073 | D:4      | Found a staircase to the Ecumenical Temple.
  4140 | Temple   | Entered the Ecumenical Temple
  4233 | Temple   | Became a worshipper of Ru the Awakened
  4393 | D:5      | Entered Level 5 of the Dungeon
  4854 | D:5      | Found a blossoming altar of Fedhas.
  5415 | D:6      | Learned a level 3 spell: Mephitic Cloud
  5461 | D:6      | Noticed Menkaure
  5547 | D:6      | You fall through a shaft!
  5646 | D:6      | Gained mutation: You cannot drink potions while threatened.
                  | [Ru sacrifice]
  5646 | D:6      | Reached * piety under Ru
  5675 | D:6      | Reached XP level 8. HP: 25/46 MP: 14/14
  6079 | D:6      | Found an ornate altar of the Wu Jian Council.
  6746 | D:6      | Mangled by an ice beast

Skill      XL: |  1  2  3  4  5  6  7  8 |
---------------+-------------------------+-----
Stealth        | 3 4 5 6 |  6.6
Poison Magic   | 4 5 6 |  6.2
Air Magic      | 1 2 3 |  3.9
Conjurations   | 2 3 4 |  4.1
Spellcasting   | 3 4 |  4.3
Dodging        | |  2.0

Action                   |  1- 3 |  4- 6 |  7- 9 || total
-------------------------+-------+-------+-------++-------
Melee: Dagger            |    16 |    42 |    15 ||    73
       Constrict         |     7 |     5 |    15 ||    27
       Tentacles         |     4 |     3 |    10 ||    17
       Whip              |       |       |    47 ||    47
Throw: Javelin           |       |     1 |       ||     1
 Cast: Sting             |    39 |    31 |    10 ||    80
       Poisonous Vapours |     3 |    41 |    28 ||    72
Invok: Sacrifice Drink   |       |       |     1 ||     1
 Stab: Sleeping          |       |       |     1 ||     1
  Eat: Chunk             |     2 |     9 |     8 ||    19
       Ration            |       |       |     1 ||     1
Armor: Skin              |     2 |     5 |     9 ||    16
Dodge: Dodged            |    14 |    28 |    45 ||    87
